 Dungeon Crawl Stone Soup version 0.28.0-45-g0d030f2227 (webtiles) character file.

Game seed: 5285667665350963754

2193 raph the Ducker (level 9, 0/62 HPs)
             Began as a Djinni Hedge Wizard on May 29, 2022.
             Was a Priest of Elyvilon.
             Slain by a wight
             ... wielding a +4 dire flail
              (5 damage)
             ... on level 8 of the Dungeon.
             The game lasted 00:15:49 (11791 turns).

raph the Ducker (Djinni Hedge Wizard)              Turns: 11791, Time: 00:15:50

Health: 0/62       AC:  4    Str:  9    XL:     9   Next: 59%
Gold:   226        EV: 15    Int: 18    God:    Elyvilon [***...] SH:  0 Dex: 15

rFire   + + +      SeeInvis .   s - +1 great sword (venom)
rCold   x . .      Faith    .   (shield currently unavailable)
rNeg    . . .      Spirit   .   i - +0 robe
rPois   ∞          Reflect  .   c - +1 hat
rElec   .          Harm     .   (no cloak)
rCorr   .          Rampage  .   b - +0 pair of gloves
Will    .....                   (boots unavailable)
Stlth   +++.......              (no amulet)
HPRegen 0.20/turn               q - ring of protection from fire
MPRegen 0.00/turn               (no ring)

@: flying
A: sickness immunity, fire resistance 2, cold vulnerability 1, float, innate
caster, HP casting, extra vitality 1
a: Renounce Religion, Purification, Heal Other, Heal Self


You were on level 8 of the Dungeon.
You worshipped Elyvilon.
Elyvilon was most pleased with you.
You visited 1 branch of the dungeon, and saw 8 of its levels.

You collected 333 gold pieces.
You spent 107 gold pieces at shops.

Inventory:

Hand Weapons
 a - a +0 dagger
 f - a +0 great sword
 s - a +1 great sword of venom (weapon)
Armour
 b - a +0 pair of gloves (worn)
 c - a +1 hat (worn)
 i - a +0 robe (worn)
Jewellery
 q - a ring of protection from fire (left hand)
Scrolls
 d - 2 scrolls of immolation
 e - a scroll of magic mapping
 h - 3 scrolls of fear
 p - a scroll of identify
Potions
 g - a potion of curing
 j - 2 potions of flight
 k - 2 potions of cancellation
 l - a potion of degeneration {unknown}
 m - 3 potions of attraction
 n - 2 potions of brilliance
 o - a potion of haste {unknown}
 r - a potion of heal wounds {unknown}


   Skills:
 + Level 3.8 Fighting
 * Level 4.9 Long Blades
 + Level 6.1 Dodging
 + Level 5.1 Stealth
 + Level 4.7 Spellcasting
 + Level 3.1 Invocations


You couldn't memorise any spells.
You knew the following spells:

 Your Spells              Type           Power      Damage    Failure   Level
a - Magic Dart            Conj           84%        1d7       1%          1
b - Searing Ray           Conj           42%        2d6       3%          2
c - Call Imp              Summ           21%        N/A       3%          2
d - Slow                  Hex            84%        N/A       1%          1
e - Conjure Flame         Conj/Fire      21%        6-21      6%          3
f - Mephitic Cloud        Conj/Pois/Air  21%        N/A       6%          3
g - Beastly Appendage     Tmut           42%        N/A       1%          1
h - Ensorcelled Hibernat  Hex/Ice        42%        N/A       3%          2
i - Blink                 Tloc           42%        N/A       3%          2
j - Hailstorm             Conj/Ice       21%        3d6       19%         4
Your spell library was empty.

Dungeon Overview and Level Annotations

Branches:
Dungeon (8/15)
 Temple: D:4-7         Lair: D:8-11

Altars:
Elyvilon
Gozag
Kikubaaqudgha
Makhleb
Nemelex Xobeh
Okawaru
Ru
Uskayaw
Yredelemnul
The Shining One

Shops:
D:1 :   D:4 (

Annotations:
D:3 apport
D:6 Grinder


Innate Abilities, Weirdness & Mutations

You are immune to sickness and miasma.
You are immune to poison.
Your flesh is very heat resistant. (rF++)
You are vulnerable to cold. (rC-)
You float through the air rather than walking.
You learn spells naturally, not from books.
Your magical power is your life essence.
You have superior vitality. (+4 MHP)


Message History

You hear the roar of battle.
There is an entrance to a bailey on this level.
Hurry and find it before the portal closes forever!
You hear the quick creaking of a portcullis nearby.
The wight hits you with a +4 dire flail.
There is a stone staircase leading up here.
Casting: Searing Ray (safe; 3% risk of failure)
Confirm with . or Enter, or press ? or * to list all spells.
Aiming: Searing Ray (safe; 3% risk of failure)
Press: ? - help, Shift-Dir - straight line, f - wight
Aim: a wight, wielding a +4 dire flail and wearing a +0 robe (78% to hit)
The searing ray hits the wight.
The wight is lightly damaged. (Press . to maintain the ray.)
The wight misses you.
The searing ray hits the wight.
The wight is heavily damaged.
The wight barely misses you.
The searing ray misses the wight.
The wight closely misses you.
The searing ray hits the wight!
The wight is almost destroyed.
You finish channelling your searing ray.
The wight hits you with a +4 dire flail!
The wight hits you with a +4 dire flail.
The wight barely misses you.
You hit the wight.
The wight is almost destroyed.
The wight misses you. The wight closely misses you.
The wight barely misses you.
You barely miss the wight.
The wight is almost destroyed.
The wight hits you from afar with a +0 halberd.
The wight hits you from afar with a +0 spear!
The wight hits you with a +4 dire flail!
* * * LOW HITPOINT WARNING * * *
The wight hits you from afar with a +0 halberd!
* * * LOW HITPOINT WARNING * * *
The wight hits you from afar with a +0 spear.
* * * LOW HITPOINT WARNING * * *
The wight hits you with a +4 dire flail.
You die...

....#...#.# ........#
...###......#+# #
#.....<....... .# #
#.#........... .##.##
#.....####....####......
..##.#. #####.z.?......#
. #.#. ......#........#
. .g .....z.@.......# #
.g .....##.z..##### .g.
... #....# # #......
#....##.# #....# ..
#...#. . #...#.#


You could see 3 wights.

Vanquished Creatures
  2 ice beasts
  A sky beast (D:4)
  An orc warrior (D:5)
  2 black bears
  3 ogres
  A centaur (D:7)
  A phantom (D:5)
  A bullfrog (D:6)
  2 scorpions
  A wyvern skeleton (D:7)
  3 wights
  3 howler monkeys
  2 centaur zombies
  3 hounds
  2 orc priests
  A centaur skeleton (D:7)
  3 jellies
  2 bullfrog skeletons
  4 iguanas
  3 orc wizards
  A hound skeleton (D:5)
  8 adders
  A shadow imp (D:5)
  2 white imps
  4 dart slugs
  10 orcs
  3 ball pythons
  5 bats
  5 endoplasms (D:2)
  A giant cockroach (D:1)
  12 goblins
  7 hobgoblins
  3 quokkas
  4 frilled lizards
  7 kobolds
  7 rats
121 creatures vanquished.

Vanquished Creatures (collateral kills)
  An adder (D:2)
  A worm (D:3)
  2 bats
  An endoplasm (D:3)
5 creatures vanquished.

Grand Total: 126 creatures vanquished

Notes
Turn   | Place    | Note
-------+----------+-------------------------------------------
     0 | D:1      | raph the Djinni Hedge Wizard began the quest for the Orb.
     0 | D:1      | Reached XP level 1. HP: 15/15 MP: 0/0
   292 | D:1      | Reached XP level 2. HP: 13/21 MP: 0/0
   703 | D:1      | Found Udelate's Book Emporium.
  1058 | D:1      | Found a faded altar of an unknown god.
  1276 | D:1      | Reached XP level 3. HP: 24/25 MP: 0/0
  1276 | D:1      | Learned a level 1 spell: Beastly Appendage
  2032 | D:2      | Reached skill level 3 in Dodging
  2218 | D:2      | Reached XP level 4. HP: 29/31 MP: 0/0
  3463 | D:3      | Found a white marble altar of Elyvilon.
  3613 | D:3      | Reached XP level 5. HP: 23/35 MP: 0/0
  3613 | D:3      | Learned a level 2 spell: Ensorcelled Hibernation
  3641 | D:3      | Found a sparkling altar of Nemelex Xobeh.
  3838 | D:3      | Found a sacrificial altar of Ru.
  4327 | D:3      | Became a worshipper of Elyvilon the Healer
  4377 | D:4      | Noticed an ogre
  4429 | D:3      | Killed an ogre
  4430 | D:3      | Reached skill level 4 in Dodging
  4430 | D:3      | Reached XP level 6. HP: 14/40 MP: 0/0
  5066 | D:4      | Reached * piety under Elyvilon
  5358 | D:4      | Found Duygrien's Weapon Shoppe.
  5364 | D:4      | Bought a +0 great sword of venom for 107 gold pieces
  5507 | D:4      | Noticed a black bear
  5519 | D:4      | Killed a black bear
  5520 | D:4      | Reached skill level 1 in Fighting
  5520 | D:4      | Reached skill level 1 in Long Blades
  5520 | D:4      | Reached XP level 7. HP: 35/47 MP: 0/0
  5520 | D:4      | Learned a level 2 spell: Searing Ray
  6524 | D:5      | Entered Level 5 of the Dungeon
  6823 | D:5      | Found a burning altar of Makhleb.
  6831 | D:5      | Found an opulent altar of Gozag.
  6832 | D:5      | Found a hide-covered altar of Uskayaw.
  6835 | D:5      | Found an iron altar of Okawaru.
  6836 | D:5      | Found a basalt altar of Yredelemnul.
  6837 | D:5      | Found a glowing golden altar of the Shining One.
  7158 | D:5      | Reached skill level 5 in Dodging
  7158 | D:5      | Reached XP level 8. HP: 48/54 MP: 0/0
  7301 | D:5      | Reached skill level 1 in Invocations
  8507 | D:5      | Reached XP level 9. HP: 26/60 MP: 0/0
  8507 | D:5      | Learned a level 4 spell: Hailstorm
  8949 | D:5      | Reached ** piety under Elyvilon
  9253 | D:6      | Noticed Grinder
  9754 | D:7      | Elyvilon protects you from harm!
  9761 | D:7      | HP: 1/61 [centaur (5)]
  9763 | D:7      | Reached skill level 6 in Dodging
 10198 | D:7      | Reached skill level 5 in Stealth
 11210 | D:8      | Noticed a two-headed ogre
 11233 | D:8      | Reached *** piety under Elyvilon
 11791 | D:8      | Slain by a wight

Illustrated notes

Levels and vault maps discovered:
D:1:      onia_arrival_mini_spirals, layout_basic, serial_shops,
          nicolae_diamond_shop, shapermc_ecumenical_altar_pompeii
D:2:      layout_basic
D:3:      layout_rooms, nicolae_overflow_crystal_walls,
          nicolae_ru_path_of_blood, elyvilon_altar_1, chequers_big_river,
          lemuel_flame_loot_1
D:4:      layout_loops_corners, serial_shops, nicolae_diamond_shop
D:5:      kennysheep_windowed_halls, layout_basic, minitemple,
          chequers_mini_garden, minmay_misc_feat_nine_boxes
D:6:      layout_loops_ring, minmay_temple_entry_nine_rooms, serial_rivers,
          chequers_serial_rivers_small_a, chequers_serial_rivers_small_b,
          chequers_serial_rivers_micro_a, chequers_serial_rivers_small_a,
          uniq_pikel, uniq_grinder
D:7:      layout_basic, serial_curves, eino_curves_03, eino_curves_03
D:8:      layout_basic, enter_bailey_2

Skill      XL: |  1  2  3  4  5  6  7  8  9 |
---------------+----------------------------+-----
Stealth        | 2 3 4 5 |  5.1
Dodging        | 3 4 5 6 |  6.1
Spellcasting   | 3 4 |  4.7
Fighting       | 1 3 |  3.8
Long Blades    | 1 2 3 4 |  4.9
Invocations    | 2 3 |  3.1

Action                   |  1- 3 |  4- 6 |  7- 9 || total
-------------------------+-------+-------+-------++-------
Melee: Dagger            |    10 |    12 |       ||    22
       Great sword       |       |     2 |    80 ||    82
 Cast: Magic Dart        |    75 |   110 |    38 ||   223
       Call Imp          |       |     3 |       ||     3
       Blink             |       |     1 |     2 ||     3
       Mephitic Cloud    |       |     3 |     8 ||    11
       Slow              |       |     1 |     1 ||     2
       Ensorcelled Hiber |       |     1 |       ||     1
       Conjure Flame     |       |     1 |     2 ||     3
       Searing Ray       |       |       |    34 ||    34
  Use: Scroll            |       |       |    15 ||    15
 Stab: Sleeping          |       |     2 |     1 ||     3
       Confused          |       |       |     2 ||     2
Armor: Robe              |     8 |    12 |    40 ||    60
Dodge: Dodged            |    23 |    32 |   135 ||   190
